 Dungeon Crawl Stone Soup version 0.28-a0-119-ga52ba8600a (webtiles) character file.

Game seed: 12541195109190114150

235 lagrange the Sneak (level 5, -2/24 HPs)
             Began as a Spriggan Enchanter on Aug 13, 2021.
             Slain by a vampire mosquito (4 damage)
             ... on level 4 of the Dungeon.
             The game lasted 00:08:48 (3805 turns).

lagrange the Sneak (Spriggan Enchanter)             Turns: 3805, Time: 00:08:49

Health: -2/24      AC:  4    Str:  4    XL:     5   Next: 76%
Magic:  11/11      EV: 18    Int: 17    God:
Gold:   87         SH:  0    Dex: 16    Spells: 1/10 levels left

rFire   . . .      SeeInvis +   a - +1 dagger
rCold   . . .      Faith    .   (shield restricted)
rNeg    . . .      Spirit   .   b - +1 robe
rPois   .          Reflect  .   (helmet restricted)
rElec   .          Harm     .   l - +0 cloak
rCorr   .          Rampage  .   (gloves unavailable)
Will    .....                   (boots unavailable)
Stlth   +++.......              d - amulet of magic regeneration
HPRegen 0.08/turn               (no ring)
MPRegen 0.37/turn               (no ring)

@: very quick
A: very small, no large weapons, unfitting armour, see invisible, speed 3
a: no special abilities


You were on level 4 of the Dungeon.
You visited 1 branch of the dungeon, and saw 5 of its levels.

You collected 87 gold pieces.

Inventory:

Hand Weapons
 a - a +1 dagger (weapon)
Missiles
 e - 4 atropa-tipped darts
 g - 19 poisoned darts
Armour
 b - a +1 robe (worn)
 l - a +0 cloak (worn)
Jewellery
 c - a ring of protection from cold
 d - an amulet of magic regeneration (around neck)
Wands
 i - a wand of iceblast (5)
 k - a wand of flame (13)
Scrolls
 f - a scroll of identify
Potions
 m - a potion of mutation


   Skills:
 + Level 0.3 Fighting
 + Level 2.8 Short Blades
 + Level 3.6 Dodging
 + Level 6.6 Stealth
 + Level 3.3 Spellcasting
 + Level 5.1 Hexes
 + Level 0.2 Ice Magic
 + Level 0.1 Evocations


You had one spell level left.
You knew the following spells:

 Your Spells              Type           Power      Damage    Failure   Level
a - Corona                Hex            22%        N/A       1%          1
b - Ensorcelled Hibernat  Hex/Ice        22%        N/A       9%          2
c - Confusing Touch       Hex            20%        N/A       6%          3
d - Dazzling Flash        Conj/Hex       22%        N/A       19%         3

Your spell library contained the following spells:

 Spells                   Type           Power      Damage    Failure   Level
 Animate Skeleton         Necr           4%         N/A       17%         1
 Apportation              Tloc           4%         N/A       17%         1
 Summon Small Mammal      Summ           8%         N/A       17%         1
 Tukima's Dance           Hex            20%        N/A       6%          3


Dungeon Overview and Level Annotations

Branches:
Dungeon (5/15)             Temple (0/1) D:4

Altars:
Fedhas

Shops:
D:2 :


Innate Abilities, Weirdness & Mutations

You are very small and have problems with some larger weapons.
You are too small for most types of armour.
You have supernaturally acute eyesight. (SInv)
You cover ground extremely quickly. (Speed+++)


Message History

Found a scroll labelled ZEUDIBR INTU.
An adder comes into view.
You closely miss the vampire mosquito.
The vampire mosquito completely misses you.
An orc comes into view. It is wielding a +0 hand axe.
The vampire mosquito bites you but does no damage.
A black bear and a dart slug come into view.
A giant cockroach comes into view.
The vampire mosquito bites you!
* * * LOW HITPOINT WARNING * * *
The vampire mosquito draws strength from your injuries!
A jackal comes into view.
The jackal moves out of view.
Found a staircase to the Ecumenical Temple.
An orc priest comes into view. It is wielding a +0 flail.
A jackal and an orc come into view.
A jackal comes into view.
The jackal barks!
A jackal comes into view.
An adder skeleton comes into view.
The orc shouts!
The jackal barks!
The vampire mosquito bites you.
* * * LOW HITPOINT WARNING * * *
The vampire mosquito draws strength from your injuries!
The jackal misses you. The jackal barely misses you. The jackal bites you.
* * * LOW HITPOINT WARNING * * *
The jackal barks!
Okay, then.
As you read the scroll labelled YZUENUAPRIEWKA, it crumbles to dust.
The creatures around you are filled with an inner flame!
It was a scroll of immolation.
The vampire mosquito misses you. The jackal misses you.
The jackal closely misses you. The jackal barely misses you.
The jackal completely misses you. The vampire mosquito misses you.
As you read the scroll labelled SAFI ZATYUXZA, it crumbles to dust.
It is a scroll of enchant armour.
Your +0 robe glows green for a moment.
The jackal completely misses you. The vampire mosquito bites you.
You die...

########## ###........
#...##...# .. #..#..#h#
.... ####..#..y@#..#
#######......#.hhh##..
................>.Z....
..# ###.....h##....#...
..###
#...#.#..#....#...
....###.#.#....#o#..#
..
..#.......##..#.o.##..
. ..###...h.# #......
.#. ..#
##....###....... #


You could see a vampire mosquito (inner flame), an orc priest (inner flame), an
orc (inner flame), 5 jackals and an adder skeleton (inner flame).

Vanquished Creatures
  An ice beast (D:5)
  Crazy Yiuf (D:2)
  Terence (D:3)
  4 adders (D:2)
  An adder skeleton (D:2)
  A worm (D:3)
  3 dart slugs
  An orc (D:3)
  3 endoplasms
  5 giant cockroaches
  5 goblins
  5 hobgoblins
  A quokka (D:1)
  3 ball pythons
  A bat (D:2)
  2 frilled lizards
  3 kobolds
  5 rats
46 creatures vanquished.

Notes
Turn   | Place    | Note
-------+----------+-------------------------------------------
     0 | D:1      | lagrange the Spriggan Enchanter began the quest for the
                  | Orb.
     0 | D:1      | Reached XP level 1. HP: 9/9 MP: 5/5
   605 | D:1      | Reached XP level 2. HP: 9/13 MP: 6/6
   684 | D:1      | Learned a level 2 spell: Ensorcelled Hibernation
   684 | D:1      | Found a faded altar of an unknown god.
   983 | D:1      | Reached skill level 5 in Stealth
  1259 | D:2      | Reached XP level 3. HP: 16/16 MP: 8/8
  2289 | D:2      | Found Qyuphiymm's Book Shoppe.
  2500 | D:2      | Reached XP level 4. HP: 21/21 MP: 9/9
  2509 | D:2      | Learned a level 3 spell: Confusing Touch
  2823 | D:2      | Found a runed translucent door.
  2824 | D:2      | Noticed Crazy Yiuf
  2838 | D:2      | Killed Crazy Yiuf
  3190 | D:3      | Noticed Terence
  3205 | D:3      | Killed Terence
  3206 | D:3      | Reached XP level 5. HP: 4/24 MP: 7/10
  3458 | D:3      | Learned a level 3 spell: Dazzling Flash
  3735 | D:3      | Found a blossoming altar of Fedhas.
  3760 | D:3      | You fall into a shaft and drop 2 floors!
  3760 | D:5      | Entered Level 5 of the Dungeon
  3761 | D:5      | Noticed a vampire mosquito
  3761 | D:5      | Noticed an ice beast
  3761 | D:5      | Noticed a vampire mosquito
  3762 | D:5      | Killed an ice beast
  3763 | D:5      | Reached skill level 6 in Stealth
  3763 | D:5      | Reached skill level 5 in Hexes
  3791 | D:4      | Noticed a black bear
  3796 | D:4      | Found a staircase to the Ecumenical Temple.
  3805 | D:4      | Slain by a vampire mosquito

Illustrated notes

Levels and vault maps discovered:
D:1:      dpeg_arrival_tiny_j, layout_loops_ring,
          chequers_ecumenical_altar_simple, kennysheep_pointless_box,
          minmay_quantized
D:2:      layout_loops_corners, serial_shops, shop, minmay_ruptured,
          uniq_crazy_yiuf_cottage
D:3:      layout_basic, nicolae_sif_muna_little_library, fedhas_altar_1,
          serial_bayou_lagoon_a, uniq_terence, uniq_grinder
D:4:      layout_rooms, grunt_gozag_breadcrumbs, minmay_temple_entry_mini_moons,
          serial_shops, nicolae_stop_n_shop_2, uniq_sigmund
D:5:      layout_basic, lemuel_coloured_pillars_altar,
          nicolae_overflow_hidden_temple, minmay_misc_feat_square, uniq_pikel,
          uniq_duvessa, uniq_prince_ribbit1, uniq_edmund

Skill      XL: |  1  2  3  4  5 |
---------------+----------------+-----
Hexes          | 4 5 |  5.1
Stealth        | 5 6 |  6.6
Dodging        | 3 |  3.6
Spellcasting   | 3 |  3.3
Short Blades   | 2 |  2.8
Fighting       | |  0.3
Ice Magic      | |  0.2
Evocations     | |  0.1

Action                   |  1- 3 |  4- 6 || total
-------------------------+-------+-------++-------
Melee: Dagger            |   135 |    40 ||   175
 Cast: Corona            |     4 |       ||     4
       Ensorcelled Hiber |     6 |     4 ||    10
       Confusing Touch   |       |     2 ||     2
Evoke: Wand              |       |     1 ||     1
  Use: Potion            |     1 |       ||     1
       Scroll            |       |     3 ||     3
 Stab: Sleeping          |    15 |     6 ||    21
       Confused          |       |     2 ||     2
Armor: Robe              |     9 |     2 ||    11
Dodge: Dodged            |    98 |    34 ||   132

Table legend: (Time is in decaauts)
 A = Elapsed time spent in this place.
 B = Non-inter-level travel time spent in this place.
 C = Inter-level travel time spent in this place.
 D = Time resting spent in this place.
 E = Time spent auto-exploring this place.
 F = Levels seen in this place.
 G = Mean time per level.
                   A        B        C        D        E       F      G
               +--------+--------+--------+--------+--------+-----+--------+
         Total |   3027 |   2996 |     31 |   1358 |   1182 |   5 |  605.4 |
       Dungeon |   3027 |   2996 |     31 |   1358 |   1182 |   5 |  605.4 |
               +--------+--------+--------+--------+--------+-----+--------+

Top non-repeatable levels by time:
     D:2: 1486 daAuts
     D:1: 964 daAuts
     D:3: 547 daAuts
     D:4: 17 daAuts
     D:5: 11 daAuts
